 Dungeon Crawl Stone Soup version 0.31.0-9-g3a7656b989 (webtiles) character file.

Game seed: 12015079878478897191

13015 qw the Nimble (level 11, -4/55 HPs)
             Began as a Spriggan Hunter on Feb 2, 2024.
             Was an Elder of Okawaru.
             Shot with a sling bullet by a centaur warrior (17 damage)
             ... on level 10 of the Dungeon.
             The game lasted 00:00:58 (8257 turns).

qw the Nimble (Spriggan Hunter)                     Turns: 8257, Time: 00:00:59

Health: -4/55      AC:  5    Str:  7    XL:     11   Next: 70%
Magic:  14/16      EV: 31    Int: 11    God:    Okawaru [****..]
Gold:   748        SH:  0    Dex: 23    Spells: 10/10 levels left

rFire   + . .        b - +4 orcbow (flame)
rCold   . . .        (shield currently unavailable)
rNeg    . . .        j - +0 steam dragon scales
rPois   +            (helmet restricted)
rElec   .            (no cloak)
rCorr   .            (gloves unavailable)
SInv    +            (boots unavailable)
Will    +....        q - amulet of the acrobat
Stlth   ++           c - ring of poison resistance
HPRegen 0.29/turn    h - ring of protection from fire
MPRegen 0.15/turn

%: acrobat
@: about to teleport, finesse-ful, very quick
A: very small, no large weapons, unfitting armour, see invisible, speed 3
a: Renounce Religion, Heroism, Finesse


You were on level 10 of the Dungeon.
You worshipped Okawaru.
Okawaru was greatly pleased with you.
You visited 2 branches of the dungeon, and saw 11 of its levels.

You collected 748 gold pieces.


Innate Abilities, Weirdness & Mutations

You are very small and have problems with some larger weapons.
You are too small for most types of armour.
You have supernaturally acute eyesight. (SInv)
You cover ground extremely quickly. (Speed+++)


   Skills:
 - Level 5.0 Fighting
 + Level 13.5 Ranged Weapons
 - Level 1.1 Armour
 - Level 14.0 Dodging
 - Level 1.5 Stealth
 + Level 6.3 Invocations


You had 10 spell levels left.
You didn't know any spells.
Your spell library was empty.

Inventory:

Hand Weapons
 b - a +4 orcbow of flaming (weapon)
Armour
 j - +0 steam dragon scales (worn)
 s - a +2 robe of fire resistance
Jewellery
 c - a ring of poison resistance (left hand)
 h - a ring of protection from fire (right hand)
 k - a ring of poison resistance
 q - an amulet of the acrobat (around neck)
 Y - a ring of resist corrosion
Wands
 d - a wand of paralysis (11)
 e - a wand of mindburst (7)
 r - a wand of roots (11)
Scrolls
 a - a scroll of identify
 m - 6 scrolls of teleportation
Potions
 f - a potion of haste
 g - a potion of cancellation
 l - 3 potions of curing
 o - a potion of enlightenment

Dungeon Overview and Level Annotations

Branches:
Dungeon (10/15)            Temple (1/1) D:6             Orc (0/2) D:10
   Lair: D:8-11

Altars:
Ashenzari
Cheibriados
Dithmenos
Elyvilon
Fedhas
Gozag
Hepliaklqana
Kikubaaqudgha
Makhleb
Okawaru
Qazlal
Ru
Sif Muna
Trog
Uskayaw
Vehumet
Wu Jian
Xom
Yredelemnul
Zin
The Shining One

Shops:
D:2 =   D:4 *   D:7 =

Annotations:
D:6 exclusion: electric eel
D:7 2 transporters
D:9 4 transporters


Message History

The fireball explodes!
The fireball engulfs you! You resist.
You shoot an arrow. The arrow hits the efreet!
The efreet is almost dead.
You shoot an arrow. The arrow hits the efreet.
The efreet is almost dead.
You shoot an arrow.
The arrow hits the efreet but does no damage.
The efreet is almost dead.
You shoot an arrow. The arrow hits the efreet!
You kill the efreet!
Okawaru accepts your kill.
A centaur warrior comes into view. It is wielding a +0 sling.
You shoot an arrow. The arrow hits the centaur warrior.
The arrow burns the centaur warrior.
The centaur warrior is lightly wounded.
The centaur warrior is engulfed in blazing flames.
The centaur warrior unwields a +0 mace.
The centaur warrior wields a +0 orcbow.
The centaur warrior shoots an arrow.
The arrow hits you!!
8254 ||| READING 7 scrolls of teleportation.
As you read the scroll of teleportation, it crumbles to dust.
You feel strangely unstable.
The centaur warrior is engulfed in blazing flames.
8255 ||| DRINKING potion of heal wounds.
You feel much better.
The centaur warrior shoots an arrow.
The arrow completely misses you.
The centaur warrior shoots a sling bullet.
The sling bullet hits you!
The centaur warrior shoots an arrow.
The arrow completely misses you.
The centaur warrior shoots a sling bullet.
The sling bullet completely misses you.
You shoot an arrow. The arrow hits the centaur warrior!
The arrow burns the centaur warrior.
The centaur warrior is heavily wounded.
You shoot an arrow. The arrow hits the centaur warrior!
The arrow burns the centaur warrior.
The centaur warrior is almost dead.
The centaur warrior shoots an arrow.
The arrow hits you!
The centaur warrior shoots a sling bullet.
The sling bullet hits you!
You die...

.o'...z#$## ##..#.
.0....'$$$ #~#..##
.#..¤.'.? #~#..##
'....'. # #..##
0c#.~# ###~##..#.
##0)..###¤¤##...'.
#c).###¤~###....'.
##.}.#~¤###....#.'.
#.@..####........'.
#...##........####.
##..)##......###~~##
#...##....)###~¤##~#
##.#.##.#...#¤¤###
~# #.....#.##.##¤##
# ###¤¤¤..#....##¤#
#..¤~¤..##....#¤##
¤#~.......##...#~~#


You could see 2 centaur warriors.

Vanquished Creatures
  Snorg (D:10)
  Harold (D:10)
  2 centaur warriors (D:10)
  A two-headed ogre (D:10)
  Pikel (D:5)
  A gargoyle (D:8)
  Joseph (D:8)
  Maggie (D:7)
  An efreet (D:10)
  A troll (D:10)
  Grinder (D:5)
  A vampire (D:10)
  4 fire bats (D:10)
  A wyvern (D:10)
  7 yaks (D:9)
  2 wraiths
  A steam dragon (D:7)
  3 vampire mosquitoes (D:10)
  Duvessa (D:4)
  An acid dragon (D:10)
  8 orc warriors
  5 ice beasts
  A black bear (D:6)
  2 ogres (D:6)
  A lemure (D:5)
  6 centaurs
  A phantom (D:5)
  4 kobold brigands
  2 bullfrogs
  Blork the orc (D:5)
  6 gnoll sergeants
  4 scorpions
  Dowan (D:4)
  5 wights
  11 killer bees (D:9)
  2 howler monkeys (D:6)
  3 electric eels (D:6)
  4 bombardier beetles
  4 hounds
  6 orc priests
  A gnoll bouda (D:9)
  A jelly (D:6)
  3 iguanas
  14 orc wizards
  8 gnolls (D:9)
  10 adders
  3 white imps (D:6)
  A ribbon worm (D:7)
  3 dart slugs
  36 orcs
  8 bats
  7 endoplasms
  5 giant cockroaches
  7 goblins
  11 hobgoblins
  21 kobolds
  5 quokkas
  6 ball pythons
  2 frilled lizards (D:1)
  6 rats
268 creatures vanquished.

Notes
Turn   | Place    | Note
-------+----------+-------------------------------------------
     0 | D:1      | qw the Spriggan Hunter began the quest for the Orb.
     0 | D:1      | Reached XP level 1. HP: 10/10 MP: 2/2
     0 | D:1      | 0 ||| qw: Version: 0.3-a-155-g5e7d8dd
     0 | D:1      | 0 ||| qw: Game counter: 465
     0 | D:1      | 0 ||| qw: Melee chars always use a shield: true
     0 | D:1      | 0 ||| qw: God list: Okawaru
     0 | D:1      | 0 ||| qw: Allow faded altars: false
     0 | D:1      | 0 ||| qw: Do Orc after clearing Dungeon:15 true
     0 | D:1      | 0 ||| qw: Do second Lair branch before Depths: true
     0 | D:1      | 0 ||| qw: Lair rune preference: random
     0 | D:1      | 0 ||| qw: Goals: Normal
     0 | D:1      | 0 ||| PLANNING D:1-11
    16 | D:1      | Reached skill level 3 in Dodging
   106 | D:1      | Reached XP level 2. HP: 14/14 MP: 3/3
   125 | D:1      | Reached skill level 4 in Dodging
   133 | D:1      | 133 ||| RETREEEEATING.
   135 | D:1      | 135 ||| RETREEEEATING.
   280 | D:1      | Reached XP level 3. HP: 18/18 MP: 4/4
   419 | D:1      | 419 ||| UPGRADING to ring of resist corrosion.
   420 | D:1      | 420 ||| READING scroll labelled SYCUTU SEZAILL.
   421 | D:1      | 421 ||| READING 2 scrolls labelled HINLEBAOSA.
   421 | D:1      | 421 ||| IDENTIFYING scroll labelled SISKAC KIKHYTO
   422 | D:1      | 422 ||| DROPPING scroll of butterflies.
   423 | D:1      | 423 ||| DROPPING scroll of blinking.
   795 | D:2      | Reached XP level 4. HP: 22/22 MP: 5/5
   870 | D:2      | Found Daaw's Jewellery Boutique.
   894 | D:2      | 894 ||| SHOPLISTING +4 ring of protection (360 gold, have
                  | 109).
   894 | D:2      | 894 ||| SHOPLISTING amulet of Entrepreneurial Spirit
                  | {Acrobat rElec} (440 gold, have 109).
   894 | D:2      | 894 ||| SHOPLISTING amulet of Keityosoun {Spirit Rampage
                  | rPois rN+ Dex+2} (496 gold, have 109).
   894 | D:2      | 894 ||| SHOPLISTING amulet of faith (400 gold, have 109).
   894 | D:2      | 894 ||| SHOPLISTING amulet of guardian spirit (300 gold,
                  | have 109).
   894 | D:2      | 894 ||| SHOPLISTING ring of poison resistance (200 gold,
                  | have 109).
   894 | D:2      | 894 ||| SHOPLISTING ring of protection from cold (250 gold,
                  | have 109).
   894 | D:2      | 894 ||| SHOPLISTING ring of the Sky {+Blink rPois rCorr
                  | Int+2} (424 gold, have 109).
  1074 | D:2      | Identified the +0 leather armour of True Grit {+Blink
                  | Regen+}
  1151 | D:2      | Found a faded altar of an unknown god.
  1199 | D:2      | Reached skill level 5 in Dodging
  1323 | D:2      | 1323 ||| READING scroll of identify.
  1323 | D:2      | 1323 ||| IDENTIFYING coppery potion
  1324 | D:2      | 1324 ||| READING scroll labelled HALUHE UQIGYDD.
  1324 | D:2      | Identified a scroll of acquirement
  1324 | D:2      | 1324 ||| ACQUIRING +4 orcbow of flaming
  1324 | D:2      | Acquired a +4 orcbow of flaming
  1326 | D:2      | 1326 ||| SWAPPING to +4 orcbow of flaming.
  1327 | D:2      | 1327 ||| DROPPING +0 shortbow.
  1422 | D:3      | Found an ornate altar of the Wu Jian Council.
  1809 | D:3      | 1809 ||| UPGRADING to ring of protection from fire.
  1810 | D:3      | 1810 ||| DRINKING 2 inky potions.
  1855 | D:3      | 1855 ||| DROPPING potion of lignification.
  2221 | D:4      | Reached XP level 5. HP: 20/26 MP: 6/6
  2258 | D:4      | Found Ydacur Jaliss's Overcharged Wands.
  2267 | D:4      | 2267 ||| SHOPLISTING wand of flame (40) (420 gold, have
                  | 209).
  2267 | D:4      | 2267 ||| SHOPLISTING wand of paralysis (18) (648 gold, have
                  | 209).
  2267 | D:4      | 2267 ||| SHOPLISTING wand of polymorph (18) (378 gold, have
                  | 209).
  2267 | D:4      | 2267 ||| SHOPLISTING wand of roots (18) (648 gold, have
                  | 209).
  2294 | D:4      | 2294 ||| READING scroll labelled YRUREBE ODASTU.
  2343 | D:4      | Reached skill level 6 in Ranged Weapons
  2359 | D:4      | Found a white marble altar of Elyvilon.
  2369 | D:4      | Noticed Duvessa
  2369 | D:4      | 2369 ||| ZAPPING wand of paralysis (15) at 4,5 (Duvessa;
                  | floor).
  2370 | D:4      | Noticed Dowan
  2373 | D:4      | 2373 ||| FLEEEEING.
  2374 | D:4      | 2374 ||| FLEEEEING.
  2375 | D:4      | 2375 ||| FLEEEEING.
  2379 | D:4      | 2379 ||| FLEEEEING.
  2381 | D:4      | 2381 ||| FLEEEEING.
  2383 | D:4      | 2383 ||| FLEEEEING.
  2384 | D:4      | 2384 ||| FLEEEEING.
  2386 | D:4      | 2386 ||| FLEEEEING.
  2387 | D:4      | 2387 ||| FLEEEEING.
  2392 | D:4      | Killed Dowan
  2393 | D:4      | Reached XP level 6. HP: 27/30 MP: 7/7
  2407 | D:4      | Killed Duvessa
  2408 | D:4      | Reached skill level 6 in Dodging
  2516 | D:4      | Reached XP level 7. HP: 35/35 MP: 8/8
  2717 | D:4      | 2717 ||| READING scroll labelled JEUTAFR NAOFI.
  2723 | D:5      | Entered Level 5 of the Dungeon
  2782 | D:5      | Noticed Grinder
  2783 | D:5      | 2783 ||| ZAPPING wand of paralysis (14) at 7,-1 (Grinder;
                  | floor).
  2788 | D:5      | Killed Grinder
  2789 | D:5      | Reached skill level 8 in Dodging
  3055 | D:5      | Reached XP level 8. HP: 29/39 MP: 9/9
  3055 | D:5      | 3055 ||| FLEEEEING.
  3056 | D:5      | 3056 ||| FLEEEEING.
  3057 | D:5      | 3057 ||| FLEEEEING.
  3058 | D:5      | 3058 ||| FLEEEEING.
  3059 | D:5      | 3059 ||| FLEEEEING.
  3060 | D:5      | 3060 ||| FLEEEEING.
  3061 | D:5      | 3061 ||| FLEEEEING.
  3062 | D:5      | 3062 ||| FLEEEEING.
  3063 | D:5      | 3063 ||| FLEEEEING.
  3064 | D:5      | 3064 ||| FLEEEEING.
  3068 | D:5      | 3068 ||| FLEEEEING.
  3069 | D:5      | 3069 ||| FLEEEEING.
  3070 | D:5      | 3070 ||| FLEEEEING.
  3071 | D:5      | 3071 ||| FLEEEEING.
  3072 | D:5      | 3072 ||| FLEEEEING.
  3073 | D:5      | 3073 ||| FLEEEEING.
  3074 | D:5      | 3074 ||| FLEEEEING.
  3075 | D:5      | 3075 ||| FLEEEEING.
  3076 | D:5      | 3076 ||| FLEEEEING.
  3077 | D:5      | 3077 ||| FLEEEEING.
  3078 | D:5      | 3078 ||| FLEEEEING.
  3079 | D:5      | 3079 ||| FLEEEEING.
  3080 | D:5      | 3080 ||| FLEEEEING.
  3081 | D:5      | 3081 ||| FLEEEEING.
  3082 | D:5      | 3082 ||| FLEEEEING.
  3083 | D:5      | 3083 ||| FLEEEEING.
  3088 | D:5      | 3088 ||| FLEEEEING.
  3089 | D:5      | 3089 ||| FLEEEEING.
  3090 | D:5      | 3090 ||| FLEEEEING.
  3091 | D:5      | 3091 ||| FLEEEEING.
  3092 | D:5      | 3092 ||| FLEEEEING.
  3329 | D:5      | Noticed Blork the orc
  3339 | D:5      | Killed Blork the orc
  3340 | D:5      | Reached skill level 3 in Fighting
  3538 | D:5      | Noticed Pikel
  3539 | D:5      | 3539 ||| RETREEEEATING.
  3542 | D:5      | 3542 ||| ZAPPING wand of paralysis (13) at 7,1 (Pikel;
                  | floor).
  3543 | D:5      | 3543 ||| ZAPPING wand of paralysis (12) at 7,1 (Pikel;
                  | floor).
  3548 | D:5      | Killed Pikel
  3678 | D:5      | 3678 ||| UPGRADING to +2 robe of fire resistance.
  3688 | D:5      | 3688 ||| DROPPING +0 robe.
  3689 | D:5      | 3689 ||| UPGRADING to amulet of the acrobat.
  3694 | D:5      | 3694 ||| READING scroll labelled BYEDEK OCUA.
  3767 | D:5      | 3767 ||| READING scroll labelled IDABLO QERESKE.
  3868 | D:5      | 3868 ||| READING scroll labelled SUNABRIEVO.
  3869 | D:5      | 3869 ||| DRINKING 2 fuming ruby potions.
  3870 | D:5      | 3870 ||| DRINKING 2 smoky pink potions.
  3872 | D:5      | 3872 ||| Stepping ~*~*~tactically~*~*~ (cloud).
  4000 | D:6      | Reached XP level 9. HP: 44/44 MP: 10/10
  4076 | D:6      | Reached skill level 9 in Dodging
  4150 | D:6      | 4150 ||| FLEEEEING.
  4151 | D:6      | 4151 ||| STAIRDANCE
  4211 | D:5      | 4211 ||| UPGRADING to ring of poison resistance.
  4213 | D:5      | 4213 ||| READING scroll labelled NOYJAO MEGERIGEPP.
  4214 | D:5      | 4214 ||| DRINKING 3 lumpy yellow potions.
  4215 | D:5      | 4215 ||| DROPPING wand of flame (38).
  4245 | D:6      | 4245 ||| STAIRDANCE
  4309 | D:6      | 4309 ||| STAIRDANCE
  4354 | D:6      | 4354 ||| STAIRDANCE
  4387 | D:6      | 4387 ||| STAIRDANCE
  4477 | D:6      | 4477 ||| STAIRDANCE
  4550 | D:6      | 4550 ||| STAIRDANCE
  4626 | D:6      | 4626 ||| STAIRDANCE
  4655 | D:6      | 4655 ||| STAIRDANCE
  4695 | D:6      | 4695 ||| STAIRDANCE
  4735 | D:6      | 4735 ||| STAIRDANCE
  4851 | D:6      | Reached skill level 10 in Dodging
  4920 | D:6      | Found a staircase to the Ecumenical Temple.
  4921 | D:6      | 4921 ||| PLANNING TEMPLE
  4929 | Temple   | Entered the Ecumenical Temple
  4930 | Temple   | 4930 ||| PLANNING OKAWARU WORSHIP
  4935 | Temple   | Became a worshipper of Warmaster Okawaru
  4936 | Temple   | 4936 ||| PLANNING D:1-11
  5296 | D:7      | 5296 ||| RETREEEEATING.
  5297 | D:7      | 5297 ||| RETREEEEATING.
  5299 | D:7      | Reached skill level 11 in Dodging
  5389 | D:7      | Reached * piety under Okawaru
  5417 | D:7      | Noticed Maggie
  5418 | D:7      | 5418 ||| INVOKING Heroism.
  5426 | D:7      | Reached skill level 1 in Invocations
  5429 | D:7      | Killed Maggie
  5432 | D:7      | 5432 ||| DRINKING 4 potions of curing.
  5432 | D:7      | 5432 ||| (to cure confusion)
  5474 | D:7      | Found a snail-covered altar of Cheibriados.
  5580 | D:7      | Reached XP level 10. HP: 44/50 MP: 11/13
  5604 | D:7      | Found a transporter.
  5607 | D:7      | Found Xeul Esch's Jewellery Shop.
  5681 | D:7      | Found a transporter.
  5737 | D:7      | 5737 ||| UPGRADING to +0 steam dragon scales.
  5747 | D:7      | 5747 ||| READING scroll of identify.
  5747 | D:7      | 5747 ||| IDENTIFYING red potion
  5748 | D:7      | 5748 ||| DROPPING potion of brilliance.
  5802 | D:8      | Found a hide-covered altar of Uskayaw.
  5803 | D:8      | Noticed a +0 dagger
  5804 | D:8      | Noticed a +0 dagger
  5842 | D:8      | Reached skill level 3 in Invocations
  5868 | D:8      | Noticed a gargoyle
  5869 | D:8      | 5869 ||| INVOKING Heroism.
  5874 | D:8      | Killed a gargoyle
  5875 | D:8      | Reached skill level 1 in Armour
  6217 | D:8      | Noticed Joseph
  6218 | D:8      | 6218 ||| INVOKING Heroism.
  6224 | D:8      | Killed Joseph
  6225 | D:8      | Reached skill level 12 in Dodging
  6610 | D:8      | 6610 ||| READING 2 scrolls of identify.
  6610 | D:8      | 6610 ||| IDENTIFYING glowing yellow potion
  6611 | D:8      | 6611 ||| READING scroll of identify.
  6611 | D:8      | 6611 ||| IDENTIFYING brown potion
  6612 | D:8      | 6612 ||| DROPPING potion of invisibility.
  6666 | D:9      | Found an ancient bone altar of Kikubaaqudgha.
  6801 | D:9      | 6801 ||| RETREEEEATING.
  6807 | D:9      | 6807 ||| INVOKING Heroism.
  6819 | D:9      | Reached ** piety under Okawaru
  6836 | D:9      | Reached skill level 12 in Ranged Weapons
  6936 | D:9      | Found a blossoming altar of Fedhas.
  6992 | D:9      | 6992 ||| RETREEEEATING.
  6993 | D:9      | 6993 ||| RETREEEEATING.
  6994 | D:9      | 6994 ||| RETREEEEATING.
  6995 | D:9      | 6995 ||| RETREEEEATING.
  6996 | D:9      | 6996 ||| RETREEEEATING.
  6997 | D:9      | 6997 ||| RETREEEEATING.
  6998 | D:9      | 6998 ||| RETREEEEATING.
  6999 | D:9      | 6999 ||| RETREEEEATING.
  7000 | D:9      | 7000 ||| RETREEEEATING.
  7001 | D:9      | 7001 ||| RETREEEEATING.
  7002 | D:9      | 7002 ||| RETREEEEATING.
  7003 | D:9      | 7003 ||| RETREEEEATING.
  7139 | D:9      | Found a transporter.
  7157 | D:9      | Found a transporter.
  7200 | D:9      | Found a transporter.
  7222 | D:9      | Reached skill level 13 in Dodging
  7250 | D:9      | Found a transporter.
  7310 | D:9      | Reached *** piety under Okawaru
  7397 | D:10     | Entered Level 10 of the Dungeon
  7405 | D:10     | Identified the +2 ring mail of the Game of Life {Will+
                  | rCorr Str+3}
  7435 | D:10     | Noticed Harold
  7436 | D:10     | 7436 ||| INVOKING Heroism.
  7450 | D:10     | Killed Harold
  7451 | D:10     | Reached XP level 11. HP: 37/55 MP: 13/15
  7605 | D:10     | Noticed a two-headed ogre
  7606 | D:10     | 7606 ||| INVOKING Heroism.
  7608 | D:10     | Killed a two-headed ogre
  7608 | D:10     | Reached **** piety under Okawaru
  7660 | D:10     | Found a staircase to the Orcish Mines.
  7747 | D:10     | Noticed Snorg
  7748 | D:10     | 7748 ||| INVOKING Finesse.
  7749 | D:10     | 7749 ||| INVOKING Finesse.
  7757 | D:10     | 7757 ||| INVOKING Heroism.
  7767 | D:10     | Killed Snorg
  8018 | D:10     | 8018 ||| RETREEEEATING.
  8026 | D:10     | Reached skill level 14 in Dodging
  8055 | D:10     | Noticed a centaur warrior
  8058 | D:10     | 8058 ||| INVOKING Finesse.
  8064 | D:10     | Killed a centaur warrior
  8213 | D:10     | Noticed a centaur warrior
  8214 | D:10     | 8214 ||| RETREEEEATING.
  8215 | D:10     | 8215 ||| INVOKING Finesse.
  8231 | D:10     | Killed a centaur warrior
  8232 | D:10     | Reached skill level 6 in Invocations
  8248 | D:10     | Noticed a centaur warrior
  8252 | D:10     | Noticed a centaur warrior
  8253 | D:10     | HP: 4/55 [centaur warrior/arrow (26)]
  8254 | D:10     | 8254 ||| READING 7 scrolls of teleportation.
  8255 | D:10     | 8255 ||| DRINKING potion of heal wounds.
  8257 | D:10     | Shot with a sling bullet by a centaur warrior

Levels and vault maps discovered:
D:1:      wander_arrival_chamber, layout_rooms
D:2:      layout_loops_corners, serial_shops, nicolae_shop_tiny_waterfront,
          shapermc_ecumenical_altar_rom_forum, uniq_crazy_yiuf_cottage
D:3:      layout_loops_cross, mainiacjoe_overflow_boulevard,
          kennysheep_crisscross, nrook_mini_backslash, kennysheep_generic_room_9
D:4:      cheibrodos_pilgrimage, layout_loops_ring, mainiacjoe_overflow_catwalk,
          serial_library_hellmonk_hallway_b, chequers_serial_rivers_small_b,
          nicolae_shop_overcharged_wands, uniq_duvessa
D:5:      layout_loops_corners, kennysheep_generic_room_12, uniq_grinder,
          uniq_pikel, uniq_blork_the_orc
D:6:      layout_cave_pools, temple_green, serial_bayou, serial_bayou_shore_a,
          serial_bayou_lagoon_a, serial_bayou_lagoon_b, serial_bayou_pond_e
D:7:      layout_rooms, slow_altar_1, serial_shops, nicolae_shop_drivethru,
          uniq_maggie
D:8:      layout_gridville, dancing_weapons_uskayaw, nicolae_eternal_life,
          serial_park_tiny_1, uniq_joseph
D:9:      layout_big_octagon, marbit_many_paths, mainiacjoe_overflow_24_doors,
          nicolae_diode_intersection
D:10:     regret_index_infernal_bastille, layout_irregular_city,
          nemelex_xobeh_ov_fountains_minmay, lair_entry_dummy, david_orc_2,
          uniq_snorg, uniq_harold
Temple:   eino_wide_crystal_templ

Skill      XL: |  1  2  3  4  5  6  7  8  9 10 11 |
---------------+----------------------------------+-----
Dodging        | 3 4 5 6 8 11 13 14 | 14.0
Ranged Weapons | 5 6 8 10 11 12 13 | 13.5
Fighting       | 2 3 4 5 |  5.0
Invocations    | 2 4 6 |  6.3
Armour         | 1 |  1.1
Stealth        | |  1.5

Action                     |  1- 3 |  4- 6 |  7- 9 | 10-12 || total
---------------------------+-------+-------+-------+-------++-------
   Fire: Shortbow          |    94 |    34 |       |       ||   128
         Orcbow            |       |    85 |   217 |   401 ||   703
 Invoke: Heroism           |       |       |     1 |     6 ||     7
         Finesse           |       |       |       |     3 ||     3
  Evoke: Wand              |       |     1 |     3 |       ||     4
    Use: Scroll            |     2 |     3 |     5 |     4 ||    14
         Potion            |       |     1 |     4 |     1 ||     6
 Armour: Robe              |     6 |    12 |    28 |       ||    46
         Steam dragon scal |       |       |       |    33 ||    33
  Dodge: Dodged            |    36 |    21 |    46 |   176 ||   279

Table legend:
 A = Non-vault XP
 B = Vault XP
 C = Vault XP percentage of total XP
 D = Non-vault monster count
 E = Vault monster count
 F = Vault count percentage of total count
                 A         B        C        D         E       F
            +---------+---------+-------+---------+---------+-------
      Total |    9931 |    8663 |  46.6 |     218 |      49 |  18.4
            +---------+---------+-------+---------+---------+-------
        D:1 |      49 |       0 |   0.0 |      26 |       0 |   0.0
        D:2 |     100 |       0 |   0.0 |      25 |       0 |   0.0
        D:3 |      22 |      15 |  40.5 |      12 |       2 |  14.3
        D:4 |     308 |     302 |  49.5 |      14 |       8 |  36.4
        D:5 |     785 |    1081 |  57.9 |      18 |       5 |  21.7
        D:6 |    1328 |       0 |   0.0 |      23 |       0 |   0.0
        D:7 |    1227 |     390 |  24.1 |      18 |       2 |  10.0
        D:8 |    1108 |     423 |  27.6 |      29 |       1 |   3.3
        D:9 |    2744 |     209 |   7.1 |      40 |       1 |   2.4
       D:10 |    2260 |    6243 |  73.4 |      13 |      30 |  69.8
            +---------+---------+-------+---------+---------+-------
